 Dungeon Crawl Stone Soup version 0.19.1 (webtiles) character file.

181087 Firecrotchwizard the Warrior (level 17, -19/163 HPs)
             Began as a Minotaur Berserker on Dec 20, 2016.
             Was the Champion of Trog.
             Engulfed by a fire crab's flame (33 damage)
             ... on level 4 of the Swamp.
             The game lasted 01:58:48 (28239 turns).

Firecrotchwizard the Warrior (Minotaur Berserker)  Turns: 28239, Time: 01:58:50

Health: -19/163    AC:  6    Str: 28    XL:     17   Next: 66%
Magic:  12/21      EV: 25    Int:  6    God:    Trog [******]
Gold:   1530       SH:  0    Dex: 19    Spells: 0 memorised, 16 levels left

rFire  x x .     SeeInvis +     m - +10 great mace "Lymipeusch" {crush, rF- rC+ Str+4}
rCold  + . .     Gourm    .     (no armour)
rNeg   . . .     Faith    +     (shield currently unavailable)
rPois  +         Spirit   .     (helmet restricted)
rElec  .         Reflect  .     T - +1 cloak {+Inv}
rCorr  +         Harm     .     F - +2 pair of gloves {Str+3}
MR     +....                    O - -2 pair of boots of Negation {rPois rF- Regen+ rCorr}
Stlth  ++........               Q - amulet of faith
                                y - +3 ring of dexterity
                                s - ring of see invisible

@: no status effects
A: retaliatory headbutt, horns 2, clever 1, weak 1, wild magic 1
a: Berserk, Trog's Hand, Brothers in Arms, Burn Spellbooks, Renounce Religion,
Evoke Invisibility


You were on level 4 of the Swamp.
You worshipped Trog.
Trog was exalted by your worship.
You were not hungry.

You visited 4 branches of the dungeon, and saw 27 of its levels.

You collected 2823 gold pieces.
You spent 1293 gold pieces at shops.

Inventory:

Hand Weapons
 m - the +10 great mace "Lymipeusch" (weapon) {crush, rF- rC+ Str+4}
   (Trog gifted it to you on level 5 of the Lair of Beasts)

   It inflicts extra damage upon your enemies.
   It affects your strength (+4).
   It makes you vulnerable to fire.
   It protects you from cold.
 B - the +1 dire flail of Vengeance {drain, +Rage rF+ MR+ Stlth+, Tacos}
   (You acquired it on level 6 of the Dungeon)

   A truly terrible weapon, it drains the life of those it strikes.
   It protects you from fire.
   It affects your resistance to hostile enchantments.
   It lets you go berserk.
   It makes you more stealthy.
 Z - a +2 eveningstar of draining
Missiles
 t - a throwing net
 S - 3 silver javelins (quivered)
Armour
 i - the +2 pair of boots "Xiez Xyr" {Str+4}
   (You acquired it on level 6 of the Lair of Beasts)

   It affects your strength (+4).
 q - the +6 plate armour "Vuup" {rN+++ Regen+ MP-9 Str-3}
   (You bought it in a shop on level 2 of the Orcish Mines)

   It affects your strength (-3).
   It renders you almost immune to negative energy.
   It affects your magic capacity (-9).
   It increases your rate of regeneration.
 F - a +2 pair of gloves of strength (worn)
 O - the -2 pair of boots of Negation (worn) {rPois rF- Regen+ rCorr}
   (You found it on level 6 of the Lair of Beasts)

   It makes you vulnerable to fire.
   It protects you from poison.
   It increases your rate of regeneration.
   It protects you from acid and corrosion.
 T - a +1 cloak of invisibility (worn)
 X - +0 fire dragon scales
Jewellery
 a - an uncursed ring of stealth
 r - an uncursed ring of flight
 s - a ring of see invisible (left hand)
 u - an uncursed ring of protection from cold
 y - a +3 ring of dexterity (right hand)
 A - an uncursed ring of poison resistance
 Q - an amulet of faith (around neck)
Wands
 b - a wand of acid (7/15)
 w - a wand of polymorph (12/24)
 x - a wand of teleportation (4/9)
 H - a wand of hasting (6/9)
 J - a wand of flame (32/48)
 R - a wand of confusion (21/48)
 V - a wand of lightning (5/15)
 Y - a wand of iceblast (3/15)
Scrolls
 d - 7 scrolls of teleportation
 f - 6 scrolls of blinking
 k - 5 scrolls of enchant weapon
 l - a scroll of fear
 n - 6 scrolls of remove curse
 p - a scroll of fog
 z - 3 scrolls of recharging
 K - 2 scrolls of identify
 M - 2 scrolls of enchant armour
 U - 2 scrolls of holy word
Potions
 e - a potion of ambrosia
 g - 6 potions of flight
 h - a potion of haste
 j - 3 potions of brilliance
 v - 5 potions of might
 C - 3 potions of resistance
 D - 3 potions of cure mutation
 E - 2 potions of curing
 G - 2 potions of agility
 I - 3 potions of magic
 L - a potion of invisibility
 W - 6 potions of cancellation
Miscellaneous
 N - a phantom mirror
 P - a disc of storms
Comestibles
 c - 16 bread rations
 o - 12 meat rations


   Skills:
 + Level 18.0 Fighting
 + Level 16.9 Maces & Flails
 - Level 7.0 Throwing
 + Level 16.2 Armour
 + Level 15.2 Dodging
 + Level 7.3 Evocations


You had 16 spell levels left.
You didn't know any spells.

Dungeon Overview and Level Annotations

Branches:
Dungeon (15/15)            Temple (0/1) D:7            Lair (6/6) D:11
  Swamp (4/4) Lair:3        Snake (0/4) Lair:4        Slime (0/5) Lair:5
    Orc (2/2) D:12            Elf (0/3) Orc:2        Vaults (0/5) D:14
 Depths (0/5) D:15

Altars:
Ashenzari
Cheibriados
Dithmenos
Fedhas
Gozag
Qazlal
Trog
Vehumet
Xom
Yredelemnul
Beogh
Jiyva

Shops:
D:7 (   D:13 [   D:14 *   Orc:2 *([(

Annotations:
Lair:2 exclusion: oklob plant


Innate Abilities, Weirdness & Mutations

You reflexively headbutt those who attack you in melee.
You have a pair of horns on your head.
Your mind is acute. (Int +2)
You are weak. (Str -2)
Your spells are a little harder to cast, but a little more powerful.


Message History

You continue taking off the +6 plate armour "Vuup" {rN+++ Regen+ MP-9 Str-3}.
You are engulfed in roaring flames.
You continue taking off the +6 plate armour "Vuup" {rN+++ Regen+ MP-9 Str-3}.
You are engulfed in roaring flames.
* * * LOW HITPOINT WARNING * * *
You finish taking off the +6 plate armour "Vuup" {rN+++ Regen+ MP-9 Str-3}.
Keep equipping yourself?
Uppercase [Y]es or [N]o only, please.
Keep equipping yourself?
You start putting on your armour.
You continue putting on your +0 fire dragon scales.
The fire crab breathes flames at you. The blast of flame engulfs you!
The fire burns you terribly!
* * * LOW HITPOINT WARNING * * *
You continue putting on your +0 fire dragon scales.
You are engulfed in roaring flames.
* * * LOW HITPOINT WARNING * * *
You continue putting on your +0 fire dragon scales.
You are engulfed in roaring flames.
You die...

......≈≈..≈......§.≈.♣.
..≈♣≈≈≈.......≈.≈..≈.≈..
♣.≈≈♣..≈≈..≈≈..≈..≈≈....
♣..♣≈.≈≈.≈≈≈..≈..$.?...≈
......≈≈...§...≈†.≈.≈.≈.
♣≈.≈.≈.≈.........(......
♣♣.≈♣....§..§..≈.§..≈.≈≈
♣≈...§§§♣t≈≈.≈≈≈≈≈...♣.≈
♣♣...§§@§.≈.≈..≈≈≈≈..≈..
♣♣♣§§§♣♣≈≈≈≈≈.≈.§.≈.≈.≈
♣.§≈§♣ .≈.≈≈.≈..§.≈≈.♣♣
♣§≈.§§ ≈..♣$).≈..≈... ♣.
♣♣..≈.♣≈≈♣♣♣....... ♣≈.
♣♣♣. ≈≈$. ♣♣. ♣♣ .♣ ♣♣ ♣


You could see a fire crab.

Vanquished Creatures
  The ghost of jiveturtle the Bludgeoner, an adept DsBe of Trog (Swamp:4)
  A thorn hunter (Swamp:3)
  Nessos (Lair:6)
  2 fire dragons
  Josephine (D:15)
  14 hydras
  An ice dragon (D:15)
  An anaconda (shapeshifter) (D:14)
  2 centaur warriors (D:14)
  A death knight (D:15)
  A merfolk avatar (Lair:6)
  4 alligators
  2 ogre magi
  4 death yaks (Lair:6)
  2 orc high priests (Orc:2)
  Nergalle (Lair:1)
  2 tengu warriors (D:13)
  The ghost of kiba the Cleaver, a novice MiBe of Trog (D:7)
  4 skeletal warriors (D:13)
  3 spriggan druids
  2 sea snakes (Lair:6)
  3 swamp dragons
  7 hill giants
  An orc knight (Orc:2)
  2 wolf spider zombies
  A harpy (shapeshifter) (D:15)
  2 harpies (Lair:6)
  An orc sorcerer (Orc:2)
  4 cyclopes
  14 elephants
  A deep elf mage (D:15)
  The ghost of Buffagor the Chopper, a novice GrFi (D:4)
  7 ugly things
  4 manticores
  Joseph (Lair:1)
  2 black mambas
  A molten gargoyle (Swamp:4)
  3 torpor snails (Lair:6)
  17 spiny frogs
  3 gargoyles (D:15)
  2 centaur skeletons (D:13)
  16 komodo dragons
  A yaktaur (shapeshifter) (D:15)
  5 rime drakes
  A yaktaur (D:15)
  2 ice devils (Lair:1)
  An efreet (D:14)
  A merfolk (D:9)
  12 trolls
  2 polar bears
  5 tyrant leeches
  A hornet (shapeshifter) (D:14)
  6 hornets
  21 slime creatures
  3 two-headed ogres
  2 wind drakes (Lair:6)
  6 bog bodies
  10 hippogriffs
  20 blink frogs
  5 dream sheep (Lair:5)
  4 shadows
  7 wraiths
  5 spriggans
  83 yaks
  8 wyverns
  3 hungry ghosts
  2 basilisks
  40 vampire mosquitoes
  A steam dragon (D:7)
  21 swamp worms
  8 wargs
  10 insubstantial wisps
  5 mottled dragons
  A naga (Lair:4)
  13 water moccasins
  10 porcupines
  33 orc warriors
  8 swamp drakes
  3 sky beasts
  5 ice beasts
  5 phantoms
  An eye of draining (D:11)
  2 necrophages (D:11)
  18 ogres
  4 wolves (Lair:2)
  12 centaurs
  15 crocodiles
  2 big kobolds
  21 bullfrogs
  A wyvern zombie (D:14)
  4 scorpions
  26 killer bees
  5 howler monkeys
  2 electric eels
  9 crimson imps
  4 quasits
  3 jellies
  3 bullfrog skeletons
  12 centaur zombies
  9 hounds
  18 orc priests
  A gnoll shaman (D:10)
  3 iguanas
  Jessica (D:2)
  Natasha (thrice) (D:2)
  29 orc wizards
  13 worker ants
  A hound zombie (D:10)
  A howler monkey zombie (D:11)
  A worker ant zombie (D:11)
  18 gnolls
  A howler monkey skeleton (D:5)
  10 adders
  4 shadow imps
  An ooze (D:2)
  An adder zombie (D:6)
  An adder skeleton (D:7)
  A worm (D:3)
  2 dart slugs
  9 leopard geckos
  91 orcs
  5 giant cockroaches
  4 goblins
  6 hobgoblins
  10 jackals
  14 kobolds
  6 quokkas
  6 bats
  2 frilled lizards
  7 rats
  2 plants (Lair:2)
948 creatures vanquished.

Vanquished Creatures (collateral kills)
  A tentacled monstrosity (Swamp:1)
  An orc warlord (Orc:2)
  An orc sorcerer (Orc:2)
  A troll (Orc:2)
  4 orc warriors (Orc:2)
  An ogre (Orc:2)
  2 orc wizards (Orc:2)
  9 orcs (Orc:2)
20 creatures vanquished.

Vanquished Creatures (others)
  2 hydras (Swamp:4)
  A lindwurm (Swamp:4)
  A swamp drake (Swamp:4)
  5 fungi
  17 plants
26 creatures vanquished.

Grand Total: 994 creatures vanquished

Notes
Turn   | Place    | Note
-------+----------+-------------------------------------------
     0 | D:1      | Firecrotchwizard the Minotaur Berserker began the quest for the Orb.
     0 | D:1      | Reached XP level 1. HP: 19/19 MP: 0/0
    61 | D:1      | Reached XP level 2. HP: 26/27 MP: 1/1
   135 | D:1      | Reached skill level 4 in Fighting
   756 | D:2      | Noticed Natasha
   761 | D:2      | Noticed a crimson imp
   763 | D:2      | Reached XP level 3. HP: 32/33 MP: 2/2
   767 | D:2      | Killed Natasha
   814 | D:2      | Found an opulent altar of Gozag.
   837 | D:2      | Reached XP level 4. HP: 35/41 MP: 3/3
   890 | D:2      | Noticed Natasha
   905 | D:2      | Killed Natasha
  1117 | D:2      | Noticed Jessica
  1127 | D:2      | Killed Jessica
  1127 | D:2      | Reached ** piety under Trog
  1127 | D:2      | Reached skill level 5 in Fighting
  1127 | D:2      | Reached skill level 5 in Maces & Flails
  1130 | D:2      | Identified Jessica's Disquisition on Aid
  1294 | D:2      | Noticed Natasha
  1298 | D:2      | Killed Natasha
  1298 | D:2      | Reached XP level 5. HP: 46/48 MP: 4/4
  1795 | D:3      | Reached XP level 6. HP: 57/57 MP: 5/5
  2369 | D:4      | Found a bloodstained altar of Trog.
  2438 | D:4      | Reached skill level 6 in Fighting
  2485 | D:4      | Found a shimmering altar of Xom.
  2617 | D:4      | Reached *** piety under Trog
  2626 | D:4      | Noticed Buffagor's ghost (novice GrFi)
  2635 | D:4      | Killed Buffagor's ghost
  2635 | D:4      | Reached skill level 7 in Fighting
  2635 | D:4      | Reached XP level 7. HP: 43/66 MP: 6/6
  2858 | D:4      | Found a shattered altar of Ashenzari.
  3295 | D:5      | Entered Level 5 of the Dungeon
  3712 | D:5      | Reached XP level 8. HP: 71/73 MP: 7/7
  3783 | D:5      | Reached skill level 5 in Armour
  4407 | D:6      | Reached skill level 8 in Fighting
  4584 | D:6      | Reached skill level 1 in Throwing
  4587 | D:6      | Reached skill level 5 in Dodging
  4804 | D:6      | Identified a scroll of acquirement
  4805 | D:6      | Got a scorched dire flail
  4806 | D:6      | Identified the +1 dire flail of Vengeance {drain, +Rage rF+ MR+ Stlth+} (You acquired it on level 6 of the Dungeon)
  4836 | D:6      | Found a blossoming altar of Fedhas.
  4991 | D:6      | Reached **** piety under Trog
  5086 | D:6      | Found a shadowy altar of Dithmenos.
  5228 | D:7      | Reached XP level 9. HP: 77/82 MP: 8/8
  5252 | D:7      | Reached skill level 9 in Fighting
  5427 | D:7      | Found a staircase to the Ecumenical Temple.
  5541 | D:7      | Found Riurec's Weapon Emporium.
  5653 | D:7      | Reached skill level 10 in Maces & Flails
  5695 | D:7      | Noticed kiba's ghost (novice MiBe)
  5708 | D:7      | Killed kiba's ghost
  5708 | D:7      | Reached skill level 10 in Fighting
  5717 | D:7      | Reached XP level 10. HP: 93/93 MP: 7/9
  6300 | D:8      | Reached ***** piety under Trog
  7459 | D:9      | Reached skill level 11 in Fighting
  7962 | D:9      | Reached skill level 5 in Throwing
  8218 | D:10     | Entered Level 10 of the Dungeon
  8230 | D:10     | Received a gift from Trog
  8238 | D:10     | Reached XP level 11. HP: 102/102 MP: 10/10
  8872 | D:10     | Found a stormy altar of Qazlal.
  9116 | D:11     | Noticed a hill giant
  9122 | D:11     | Killed a hill giant
  9577 | D:11     | Found a basalt altar of Yredelemnul.
  9746 | D:11     | Reached skill level 12 in Fighting
  9929 | D:11     | Found a staircase to the Lair.
  9967 | D:11     | Received a gift from Trog
 10149 | D:11     | Noticed a hill giant
 10155 | D:11     | Killed a hill giant
 10327 | D:11     | Reached skill level 10 in Armour
 10628 | D:12     | Noticed a hill giant
 10639 | D:12     | Killed a hill giant
 10867 | D:12     | Noticed a hill giant
 10872 | D:12     | Killed a hill giant
 10872 | D:12     | Received a gift from Trog
 10872 | D:12     | Reached XP level 12. HP: 92/113 MP: 3/11
 10949 | D:12     | Found a staircase to the Orcish Mines.
 11441 | D:12     | Reached ****** piety under Trog
 11466 | D:12     | Received a gift from Trog
 12027 | Lair:1   | Entered Level 1 of the Lair of Beasts
 12550 | Lair:1   | Reached skill level 13 in Fighting
 12589 | Lair:1   | Reached skill level 10 in Dodging
 12942 | Lair:1   | Noticed Joseph
 12951 | Lair:1   | Killed Joseph
 13056 | Lair:1   | Noticed Nergalle
 13069 | Lair:1   | Killed Nergalle
 14049 | Lair:2   | Received a gift from Trog
 14054 | Lair:2   | Reached XP level 13. HP: 123/123 MP: 4/12
 14091 | Lair:2   | Reached skill level 14 in Fighting
 15267 | Lair:3   | Received a gift from Trog
 15406 | Lair:3   | Found a staircase to the Swamp.
 16095 | Lair:4   | Found a staircase to the Snake Pit.
 16235 | Lair:4   | Gained mutation: Your spells are a little harder to cast, but a little more powerful. [potion of beneficial mutation]
 17107 | Lair:5   | Received a gift from Trog
 17108 | Lair:5   | Got a shimmering great mace {god gift}
 17109 | Lair:5   | Identified the +10 great mace "Lymipeusch" {crush, rF- rC+ Str+4} (Trog gifted it to you on level 5 of the Lair of Beasts)
 17260 | Lair:5   | Found a viscous altar of Jiyva.
 17261 | Lair:5   | Found a staircase to the Slime Pits.
 17519 | Lair:6   | Entered Level 6 of the Lair of Beasts
 17530 | Lair:6   | Reached skill level 15 in Fighting
 17589 | Lair:6   | Noticed Nessos
 17616 | Lair:6   | Killed Nessos
 17983 | Lair:6   | Reached XP level 14. HP: 127/135 MP: 13/13
 18054 | Lair:6   | Found a snail-covered altar of Cheibriados.
 18790 | Lair:6   | Received a gift from Trog
 19615 | Lair:6   | Got a pair of encrusted boots
 19621 | Lair:6   | Identified the +2 pair of boots "Xiez Xyr" {Str+4} (You acquired it on level 6 of the Lair of Beasts)
 19771 | Orc:1    | Entered Level 1 of the Orcish Mines
 19935 | Orc:2    | Entered Level 2 of the Orcish Mines
 20107 | Orc:2    | Found a roughly hewn altar of Beogh.
 20133 | Orc:2    | Found a staircase to the Elven Halls.
 20142 | Orc:2    | Found a radiant altar of Vehumet.
 20205 | Orc:2    | Found a roughly hewn altar of Beogh.
 20213 | Orc:2    | Reached skill level 16 in Fighting
 20221 | Orc:2    | Found Sifude's Weapon Boutique.
 20297 | Orc:2    | Reached skill level 15 in Maces & Flails
 20309 | Orc:2    | Received a gift from Trog
 20516 | Orc:2    | Found a roughly hewn altar of Beogh.
 20526 | Orc:2    | Found Wuatuokh's General Store.
 20532 | Orc:2    | Bought a +2 plate armour of fire resistance for 400 gold pieces
 20532 | Orc:2    | Bought a +1 cloak of invisibility for 165 gold pieces
 20638 | Orc:2    | Received a gift from Trog
 20646 | Orc:2    | Noticed an orc warlord
 20648 | Orc:2    | Reached skill level 1 in Evocations
 20663 | Orc:2    | Killed an orc warlord
 20844 | Orc:2    | Found Xozxuamp's Antique Weapon Boutique.
 20845 | Orc:2    | Found a roughly hewn altar of Beogh.
 20846 | Orc:2    | Found Pyeclew's Antique Armour Shop.
 20853 | Orc:2    | Bought a translucent plate armour for 728 gold pieces
 20870 | Orc:2    | Identified the +6 plate armour "Vuup" {rN+++ Regen+ MP-9 Str-3} (You bought it in a shop on level 2 of the Orcish Mines)
 20956 | Orc:2    | Found a roughly hewn altar of Beogh.
 21034 | Orc:2    | Found a roughly hewn altar of Beogh.
 21080 | Orc:2    | Found a roughly hewn altar of Beogh.
 21631 | D:13     | Found Naqum's Armour Boutique.
 21659 | D:13     | Reached XP level 15. HP: 125/144 MP: 6/15
 21791 | D:13     | Received a gift from Trog
 22155 | D:13     | Received a gift from Trog
 22696 | D:14     | Found Naulowoi's General Store.
 22711 | D:14     | Found a snail-covered altar of Cheibriados.
 23015 | D:14     | Found a gate to the Vaults.
 23507 | D:15     | Entered Level 15 of the Dungeon
 23592 | D:15     | Received a gift from Trog
 23728 | D:15     | Reached skill level 15 in Armour
 23731 | D:15     | Found a staircase to the Depths.
 24118 | D:15     | Reached skill level 17 in Fighting
 24369 | D:15     | Found a shadowy altar of Dithmenos.
 24516 | D:15     | Noticed Josephine
 24519 | D:15     | Received a gift from Trog
 24523 | D:15     | Killed Josephine
 24854 | Lair:6   | Reached skill level 5 in Evocations
 25053 | Lair:6   | Got a pair of heavily runed boots
 25220 | Lair:6   | Identified the -2 pair of boots of Negation {rPois rF- Regen+ rCorr} (You found it on level 6 of the Lair of Beasts)
 25295 | Swamp:1  | Entered Level 1 of the Swamp
 25949 | Swamp:1  | Found a runed door.
 25949 | Swamp:1  | Noticed a tentacled monstrosity
 26170 | Swamp:1  | Killed a tentacled monstrosity
 26170 | Swamp:1  | Reached XP level 16. HP: 155/155 MP: 10/19
 26362 | Swamp:2  | You fall through a shaft!
 26580 | Swamp:2  | Received a gift from Trog
 26815 | Swamp:2  | Received a gift from Trog
 27054 | Swamp:3  | Noticed a thorn hunter
 27066 | Swamp:3  | Killed a thorn hunter
 27191 | Swamp:3  | Gained mutation: Your mind is acute. (Int +2) [potion of beneficial mutation]
 27682 | Swamp:3  | Received a gift from Trog
 27689 | Swamp:4  | Entered Level 4 of the Swamp
 27750 | Swamp:4  | Noticed jiveturtle's ghost (adept DsBe)
 27762 | Swamp:4  | Killed jiveturtle's ghost
 27843 | Swamp:4  | Received a gift from Trog
 27904 | Swamp:4  | Gained mutation: You are weak. (Str -2) [a Zot trap]
 27938 | Swamp:4  | Reached skill level 15 in Dodging
 27962 | Swamp:4  | HP: 5/157 [five-headed hydra (11)]
 28149 | Swamp:4  | Reached XP level 17. HP: 161/163 MP: 12/21
 28157 | Swamp:4  | Reached skill level 18 in Fighting
 28239 | Swamp:4  | Engulfed by a fire crab's flame

Skill      XL: |  1  2  3  4  5  6  7  8  9 10 11 12 13 14 15 16 17 |
---------------+----------------------------------------------------+-----
Maces & Flails | 4 5 7 9 10 11 12 13 14 15 16 | 16.9
Fighting       | 4 5 7 8 10 11 12 13 15 16 17 18 | 18.0
Armour         | 3 4 5 7 8 10 11 13 14 15 16 | 16.2
Dodging        | 3 4 5 6 7 9 10 12 13 14 15 | 15.2
Throwing       | 2 3 5 6 7 |  7.0
Evocations     | 2 5 7 |  7.3

Action                   |  1- 3 |  4- 6 |  7- 9 | 10-12 | 13-15 | 16-18 || total
-------------------------+-------+-------+-------+-------+-------+-------++-------
Melee: Mace              |    54 |   121 |   118 |       |       |       ||   293
       Headbutt          |     7 |    20 |    62 |   147 |   294 |    70 ||   600
       Dire flail        |       |       |   128 |   422 |   295 |       ||   845
       Great mace        |       |       |       |   272 |   846 |   240 ||  1358
Throw: Javelin           |       |     2 |     6 |    15 |     3 |       ||    26
Invok: Berserk           |     1 |     2 |     1 |     5 |     8 |     4 ||    21
       Burn Spellbooks   |       |     1 |       |     1 |     5 |       ||     7
       Trog's Hand       |       |     1 |       |     1 |       |       ||     2
       Brothers in Arms  |       |       |       |       |     3 |       ||     3
  Use: Scroll            |       |     5 |    11 |     6 |    15 |     8 ||    45
       Potion            |       |       |     1 |     7 |    16 |     5 ||    29
 Stab: Sleeping          |     2 |       |       |       |       |       ||     2
  Eat: Chunk             |     1 |     7 |     6 |    14 |    19 |       ||    47
       Meat ration       |       |       |     1 |     2 |     2 |       ||     5
       Pizza             |       |       |     1 |       |     3 |     1 ||     5
       Fruit             |       |       |       |     8 |     4 |    10 ||    22
       Royal jelly       |       |       |       |       |     5 |       ||     5
       Beef jerky        |       |       |       |       |     3 |       ||     3
       Bread ration      |       |       |       |       |       |     1 ||     1
Armor: Animal skin       |     5 |       |       |       |       |       ||     5
       Scale mail        |     6 |    34 |       |       |       |       ||    40
       Chain mail        |       |    22 |   118 |   130 |       |       ||   270
       Plate armour      |       |       |       |   191 |   480 |   175 ||   846
Dodge: Dodged            |    31 |    65 |   124 |   398 |   814 |   277 ||  1709
